 Dungeon Crawl Stone Soup version 0.24-a0-630-g0d56a851f4 (webtiles) character file.

Game seed: 11086260428234222289, levelgen mode: deterministic

245 MisterFreud the Skirmisher (level 5, -2/53 HPs)
             Began as a Minotaur Abyssal Knight on Sept 19, 2019.
             Was a Priest of Lugonu.
             Slain by Grinder (4 damage)
             ... on level 3 of the Dungeon.
             The game lasted 00:04:12 (2209 turns).

MisterFreud the Skirmisher (MiAK)                   Turns: 2209, Time: 00:04:13

Health: -2/53      AC:  8    Str: 17    XL:     5   Next: 83%
Magic:  5/5        EV:  7    Int:  9    God:    Lugonu [***...]
Gold:   146        SH:  0    Dex: 10    Spells: 4/4 levels left

rFire    . . .     SeeInvis .   a - +1 falchion
rCold    . . .     Gourm    .   (no shield)
rNeg     . . .     Faith    .   g - +0 chain mail (curse)
rPois    .         Spirit   .   (helmet restricted)
rElec    .         Reflect  .   (no cloak)
rCorr    .         Harm     .   (no gloves)
MR       .....                  (no boots)
Stlth    ..........             (no amulet)
HPRegen  0.17/turn              (no ring)
MPRegen  0.09/turn              (no ring)

@: no status effects
A: retaliatory headbutt, horns 2
a: Depart the Abyss, Bend Space, Banish, Renounce Religion


You were on level 3 of the Dungeon.
You worshipped Lugonu.
Lugonu was most pleased with you.
You were near starving.

You visited 1 branch of the dungeon, and saw 4 of its levels.
You visited the Abyss 1 time.

You collected 146 gold pieces.

Inventory:

Hand Weapons
 a - a +1 falchion (weapon)
Armour
 b - a +0 leather armour
 e - a +0 chain mail
 g - a cursed +0 chain mail (worn)
Wands
 m - a wand of iceblast (3)
Scrolls
 d - 4 scrolls of identify {unknown}
 f - 2 scrolls of teleportation {unknown}
 k - a scroll of immolation {unknown}
 p - a scroll of blinking {unknown}
 q - a scroll of remove curse {unknown}
Potions
 h - 3 potions of flight {unknown}
 i - a potion of berserk rage {unknown}
 j - 2 potions of lignification {unknown}
 l - a potion of ambrosia {unknown}
 n - a potion of brilliance {unknown}
 o - a potion of heal wounds {unknown}
 r - a potion of might {unknown}
Comestibles
 c - 11 rations


   Skills:
 + Level 7.9 Fighting
 - Level 2.4 Long Blades
 - Level 2.4 Armour
 - Level 1.1 Dodging
 + Level 2.0 Invocations


You had 4 spell levels left.
You didn't know any spells.
Your spell library was empty.

Dungeon Overview and Level Annotations

Branches:
Dungeon (4/15)
 Temple: D:4-7

Altars:
Elyvilon
Makhleb
Nemelex Xobeh
Yredelemnul

Annotations:
D:3 Grinder


Innate Abilities, Weirdness & Mutations

You reflexively headbutt those who attack you in melee.
You have a pair of horns on your head.


Message History

* * * LOW HITPOINT WARNING * * *
You hit Grinder.
Grinder is almost dead.
Grinder gestures at you. Pain shoots through your body!
* * * LOW HITPOINT WARNING * * *
You hit Grinder. You headbutt Grinder, but do no damage.
Grinder is almost dead.
Grinder hits you.
* * * LOW HITPOINT WARNING * * *
You writhe in agony.
* * * LOW HITPOINT WARNING * * *
Okay, then.
You hit Grinder.
Grinder is almost dead.
Grinder hits you but does no damage.
You hit Grinder.
Grinder is almost dead.
Grinder hits you.
You die...

##########.#
########..........####
#........#######......
#.#####..# #..####
#.#####..# #..####
#.##.....# #...#..
#[##.##..# #.....#
#.##.##..# #...###
#...5@...#######....))
####.###.>........####
#...###########.#
#....# ##'## #....#
##...## ####.##
##.....## #..##
##.......#
##...####.........
#.......'..)......


You could see Grinder.

Vanquished Creatures
  A howler monkey (D:2)
  An iguana (D:2)
  7 adders (D:2)
  A worm (D:2)
  A dart slug (D:2)
  3 leopard geckos
  6 orcs (D:3)
  14 bats
  A bat skeleton (D:2)
  16 giant cockroaches
  11 goblins
  12 hobgoblins
  A quokka (D:2)
  3 ball pythons (D:2)
  7 frilled lizards
  5 kobolds
  6 rats
96 creatures vanquished.

Notes
Turn   | Place    | Note
-------+----------+-------------------------------------------
     0 | Abyss:1  | MisterFreud the Minotaur Abyssal Knight began the quest for
                  | the Orb.
     0 | Abyss:1  | Reached XP level 1. HP: 19/19 MP: 1/1
    11 | D:1      | Escaped the Abyss
    46 | D:1      | Reached skill level 4 in Fighting
    50 | D:1      | Reached XP level 2. HP: 24/28 MP: 2/2
   232 | D:1      | Reached ** piety under Lugonu
   284 | D:1      | Reached skill level 5 in Fighting
   420 | D:1      | Reached XP level 3. HP: 36/36 MP: 3/3
   540 | D:2      | Found a burning altar of Makhleb.
   540 | D:2      | Found a basalt altar of Yredelemnul.
   541 | D:2      | Found a white marble altar of Elyvilon.
   542 | D:2      | Found a sparkling altar of Nemelex Xobeh.
   611 | D:2      | Reached skill level 6 in Fighting
   611 | D:2      | Reached XP level 4. HP: 32/44 MP: 4/4
   896 | D:2      | Reached XP level 5. HP: 47/51 MP: 5/5
   930 | D:2      | Reached skill level 7 in Fighting
   931 | D:2      | Reached *** piety under Lugonu
  2185 | D:4      | Noticed Grinder
  2207 | D:3      | HP: 2/53 [Grinder (4)]
  2209 | D:3      | Slain by Grinder

Levels and vault maps discovered:
D:1:      dpeg_arrival_short_road, layout_basic, minmay_liquid_box
D:2:      minmay_roachtagon, layout_basic, grunt_temple_overflow_open,
          minmay_statues_item, minmay_divided_ellipse
D:3:      layout_loops_corners
D:4:      layout_rooms, grunt_dithmenos_shadows, kennysheep_little_box,
          lemuel_statue_altar, uniq_sigmund, uniq_grinder

Skill      XL: |  1  2  3  4  5 |
---------------+----------------+-----
Fighting       | 4 5 6 7 |  7.9
Invocations    | 2 |  2.0
Long Blades    | |  2.4
Armour         | |  2.4
Dodging        | |  1.1

Action                   |  1- 3 |  4- 6 || total
-------------------------+-------+-------++-------
Melee: Falchion          |    75 |   152 ||   227
       Headbutt          |     7 |    23 ||    30
  Eat: Chunk             |       |     3 ||     3
Armor: Leather armour    |     2 |       ||     2
       Chain mail        |    37 |   115 ||   152
Dodge: Dodged            |    56 |    67 ||   123
       Rpst.: Falchion   |    16 |    16 ||    32

Table legend:
 A = Non-vault XP
 B = Vault XP
 C = Vault XP percentage of total XP
 D = Non-vault monster count
 E = Vault monster count
 F = Vault count percentage of total count
                 A         B        C        D         E       F
            +---------+---------+-------+---------+---------+-------
      Total |     226 |     124 |  35.4 |      71 |      25 |  26.0
            +---------+---------+-------+---------+---------+-------
        D:1 |      46 |       0 |   0.0 |      26 |       0 |   0.0
        D:2 |     148 |     124 |  45.6 |      30 |      25 |  45.5
        D:3 |      32 |       0 |   0.0 |      15 |       0 |   0.0
            +---------+---------+-------+---------+---------+-------
